 Dungeon Crawl Stone Soup version 0.27-a0-1147-gb3d8e82157 (webtiles) character file.

Game seed: 14781186512538176735

21800 freelancePsychic the Grappler (level 12, -6/126 HPs)
             Began as a Troll Chaos Knight on May 11, 2021.
             Was a Plaything of Xom.
             Mangled by a two-headed ogre
             ... wielding a +0 giant club
              (18 damage)
             ... on level 2 of the Orcish Mines.
             The game lasted 01:01:42 (9919 turns).

freelancePsychic the Grappler (Troll Chaos Knight)  Turns: 9919, Time: 01:01:44

Health: -6/126     AC: 11    Str: 25    XL:     12   Next: 57%
Magic:  0/17       EV:  6    Int:  8    God:    Xom [*.....]
Gold:   229        SH:  7    Dex:  8    Spells: 11/11 levels left

rFire    + . .     SeeInvis +     - Unarmed
rCold    + . .     Faith    .   k - +0 kite shield {reflect}
rNeg     . . .     Spirit   +   B - +4 moon troll leather armour {Spirit, Regen++ MP+5}
rPois    .         Reflect  +   A - +0 hat
rElec    .         Harm     .   o - +0 cloak
rCorr    .         Rampage  .   (gloves unavailable)
Will     ++...     Clarity  +   (boots unavailable)
Stlth    ++........             I - necklace of Bloodlust {*Rage +Rage Will++ Int-3 Slay+6}
HPRegen  3.31/turn              y - ring "Zujo" {Fly rF+}
MPRegen  0.15/turn              (no ring)

@: flying
A: large, unfitting armour, claws 3, regeneration 1, shaggy fur 1, tough skin 1,
thin skeletal structure 1, see invisible, clarity, clumsy 2, cold resistance 1,
high mp 1, strong 1
a: Renounce Religion, Evoke Berserk Rage


You were on level 2 of the Orcish Mines.
You worshipped Xom.
You were a special plaything of Xom.
You visited 2 branches of the dungeon, and saw 13 of its levels.
You also visited: Bailey.

You collected 1589 gold pieces.
You spent 1360 gold pieces at shops.

Inventory:

Missiles
 q - 6 large rocks
 r - 5 throwing nets
 C - 14 poisoned darts (quivered)
 H - 7 atropa-tipped darts
Armour
 k - a +0 kite shield of reflection (worn)
 o - a +0 cloak (worn)
 A - a +0 hat (worn)
 B - the +4 moon troll leather armour (worn) {Spirit, Regen++ MP+5}
   (You bought it in a shop on level 1 of the Orcish Mines)

   It affects your magic capacity (+5).
   It increases your rate of health regeneration.
Jewellery
 e - a ring of fire
 j - an amulet of faith
 n - an amulet of regeneration
 s - an amulet of reflection
 y - the ring "Zujo" (left claw) {Fly rF+}
   (You found it on level 8 of the Dungeon)

   [ring of flight]

   It protects you from fire.
   It grants you flight.
 D - the amulet "Detapi" {RegenMP *Slow rPois rN++ Regen+}
   (You took it off a gnoll shaman in a bailey)

   [amulet of magic regeneration]

   It increases your rate of magic regeneration.
   It protects you from poison.
   It greatly protects you from negative energy.
   It increases your rate of health regeneration.
   It may slow you when you take damage.
 I - the necklace of Bloodlust (around neck) {*Rage +Rage Will++ Int-3 Slay+6}
   (You bought it in a shop on level 10 of the Dungeon)

   [amulet of nothing]

   It affects your intelligence (-3).
   It affects your accuracy and damage with ranged weapons and melee attacks
   (+6).
   It lets you go berserk.
   It may make you go berserk in combat.
   It greatly increases your willpower.
Wands
 v - a wand of polymorph (11)
 E - a wand of paralysis (10)
 F - a wand of iceblast (9)
Scrolls
 b - a scroll of enchant armour
 c - 3 scrolls of immolation
 d - a scroll of amnesia
 f - a scroll of fog
 m - 5 scrolls of enchant weapon
 t - 3 scrolls of noise
 u - a scroll of identify {@r1}
Potions
 g - a potion of attraction {unknown}
 h - a potion of cancellation {unknown}
 i - a potion of brilliance
 l - 3 potions of curing {@q1}
 w - 6 potions of degeneration {unknown}
 x - 2 potions of berserk rage {unknown}
 z - a potion of lignification {unknown}
 G - a potion of might


   Skills:
 - Level 9.7 Fighting
 - Level 9.9 Throwing
 + Level 2.2 Dodging
 - Level 10.3 Unarmed Combat
 + Level 5.2 Transmutations
 * Level 7.5 Earth Magic


You had 11 spell levels left.
You didn't know any spells.
Your spell library contained the following spells:

 Spells                   Type           Power      Damage    Failure   Level
 Beastly Appendage        Tmut           16%        N/A       38%         1
 Wereblood                Tmut           8%         N/A       54%         2
 Stone Arrow              Conj/Erth      12%        3d7       92%         3
 Magic Dart               Conj           0%         1d3       98%         1
 Spider Form              Tmut/Pois      2%         N/A       98%         3
 Blink                    Tloc           N/A        N/A       99%         2
 Call Imp                 Summ           0%         N/A       99%         2
 Corpse Rot               Necr/Air       N/A        N/A       99%         2
 Slow                     Hex            0%         N/A       99%         2
 Conjure Flame            Conj/Fire      0%         6-21      100%        3
 Mephitic Cloud           Conj/Pois/Air  0%         N/A       100%        3
 Ice Form                 Ice/Tmut       4%         N/A       100%        4
 Hydra Form               Tmut           4%         N/A       100%        5
 Summon Forest            Summ/Tloc      0%         N/A       100%        5
 Eringya's Noxious Bog    Tmut/Pois      2%         N/A       100%        6
 Summon Hydra             Summ           0%         N/A       100%        7


Dungeon Overview and Level Annotations

Branches:
Dungeon (11/15)            Temple (0/1) D:7            Lair (0/6) D:8
    Orc (2/2) D:9             Elf (0/3) Orc:2        Bailey (visited)

Altars:
Cheibriados
Kikubaaqudgha
Nemelex Xobeh
Okawaru
Sif Muna
Xom

Shops:
D:10 *?=:   Orc:1 ([   Orc:2 [

Portals:
Bazaar: D:11
Trove: D:10 (give +4 demon blade)

Annotations:
D:11 2 transporters, Nergalle


Innate Abilities, Weirdness & Mutations

You are too large for most types of armour.
You have claws for hands.
Your natural rate of healing is unusually fast.
You are covered in fur. (AC +1)
You have tough skin. (AC +1)
You have a somewhat thin skeletal structure. (Dex +2, Stealth+)
You have supernaturally acute eyesight. (SInv)
You possess an exceptional clarity of mind.
You are very clumsy. (Dex -4)
Your flesh is cold resistant. (rC+)
You have an increased reservoir of magic. (+10% MP)
Your muscles are strong. (Str +2)


Message History

The two-headed ogre completely misses you.
The two-headed ogre hits you with a +0 giant club!
The two-headed ogre screams, "I'll kill you anyway!"
The ogre mage casts a spell at something.
The two-headed ogre hits you with a +0 giant club!!
The two-headed ogre barely misses you.
The two-headed ogre hits you with a +0 giant club.
You block the two-headed ogre's attack.
You mangle the two-headed ogre!!
The two-headed ogre is moderately wounded.
The two-headed ogre hits you with a +0 giant club!
The two-headed ogre barely misses you.
The two-headed ogre hits you with a +0 giant club!
You block the two-headed ogre's attack.
You completely miss the two-headed ogre.
The two-headed ogre is moderately wounded.
The two-headed ogre closely misses the ogre mage.
The two-headed ogre hits the ogre mage with a +0 giant spiked club!!
The two-headed ogre hits you with a +0 giant club!!
The two-headed ogre hits you with a +0 giant club.
* * * LOW HITPOINT WARNING * * *
You block the ogre's attack.
The two-headed ogre hits you with a +0 giant club!
* * * LOW HITPOINT WARNING * * *
The two-headed ogre completely misses you.
The ogre mage casts a spell at itself.
The ogre mage flickers and vanishes for a moment.
The two-headed ogre hits you but does no damage.
The two-headed ogre hits you with a +0 giant club!!
* * * LOW HITPOINT WARNING * * *
Okay, then.
Okay, then.
The two-headed ogre seems less confused.
The ogre mage gestures at the two-headed ogre while chanting.
The two-headed ogre seems to speed up.
The ogre mage points at the two-headed ogre and mumbles some strange words.
The two-headed ogre seems to speed up.
The two-headed ogre hits you with a +0 giant club!!
You die...
Xom roars with laughter!

#...........##
##......).....##
###..[...##).....##
#....[.#.#.#.)....##
###..[######.).....#
#.#.....###.)....## .#..
###.....#.......## .#..
#......[..)...## ....
###....@.....## ....##
#...OO...### ...#.###
##..O...## ....O..##
##[O...## #
........#####OO.).).#.##
.O.....###.#...........##
.O......#..#O...#.......##
...#.#.#...O[.###.#......##
........O.....#####.......#


You could see 5 two-headed ogres, 2 ogre magi and an ogre.

Vanquished Creatures
  Gastronok (D:8)
  An ettin (Orc:2)
  A vault guard (D:10)
  An ogre mage (Orc:2)
  5 two-headed ogres
  Urug (Orc:2)
  A fire crab (Bailey)
  2 orc knights (Orc:1)
  An orc sorcerer (Orc:1)
  A cyclops (Orc:2)
  A torpor snail (Orc:2)
  An unseen horror (D:11)
  A merfolk (shapeshifter) (Bailey)
  3 slime creatures (D:10)
  Prince Ribbit (D:5)
  4 yaks (D:8)
  Sigmund (D:5)
  4 wyverns
  2 water moccasins
  8 orc warriors
  A sky beast (D:7)
  6 necrophages
  15 ogres
  6 centaurs
  4 kobold brigands
  2 wyvern zombies
  8 gnoll sergeants
  2 scorpions (D:6)
  14 killer bees (D:9)
  18 wights
  3 howler monkeys
  10 centaur zombies
  5 hounds
  A jelly (D:6)
  A centaur skeleton (D:7)
  10 orc priests
  A bullfrog skeleton (D:7)
  8 gnoll shamans
  An iguana (Orc:2)
  7 orc wizards
  A scorpion zombie (D:5)
  3 killer bee zombies
  2 hound zombies (D:5)
  A howler monkey zombie (D:8)
  47 gnolls
  A howler monkey skeleton (D:5)
  7 adders
  A shadow imp (D:7)
  3 white imps
  2 ufetubi (D:6)
  An adder skeleton (D:4)
  6 worms
  6 dart slugs
  38 orcs
  13 ball pythons
  4 endoplasms
  6 giant cockroaches
  11 goblins
  5 hobgoblins
  9 jackals
  3 quokkas
  8 bats
  6 frilled lizards
  20 kobolds
  9 rats
377 creatures vanquished.

Vanquished Creatures (collateral kills)
  A two-headed ogre (D:11)
  An orc sorcerer (Orc:2)
  A troll (D:9)
  A warg (Orc:2)
  3 orc warriors
  A water moccasin skeleton (D:5)
  A killer bee (D:9)
  A gnoll shaman (D:9)
  7 orcs
  A kobold (D:8)
18 creatures vanquished.

Vanquished Creatures (others)
  A dancing weapon (Orc:1)
  A gnoll (Bailey)
  An orc (Orc:2)
  5 toadstools (D:1)
8 creatures vanquished.

Grand Total: 403 creatures vanquished

Notes
Turn   | Place    | Note
-------+----------+-------------------------------------------
     0 | D:1      | freelancePsychic the Troll Chaos Knight began the quest for
                  | the Orb.
     0 | D:1      | Reached XP level 1. HP: 22/22 MP: 0/0
   121 | D:1      | Reached XP level 2. HP: 29/29 MP: 1/1
   434 | D:1      | Found a faded altar of an unknown god.
   516 | D:2      | Reached XP level 3. HP: 36/36 MP: 2/2
   523 | D:2      | Reached skill level 4 in Unarmed Combat
   546 | D:2      | Reached XP level 4. HP: 38/45 MP: 3/3
   709 | D:2      | Reached skill level 5 in Unarmed Combat
   747 | D:2      | You fall into a shaft and drop 2 floors!
   751 | D:4      | Reached XP level 5. HP: 53/53 MP: 4/4
   786 | D:3      | XOM: divination: magic mapping
  1099 | D:3      | XOM: blink monster(s)
  1124 | D:3      | You fall into a shaft and drop 2 floors!
  1124 | D:5      | Entered Level 5 of the Dungeon
  1203 | D:5      | Noticed Prince Ribbit
  1261 | D:3      | Found a shimmering blue altar of Sif Muna.
  1310 | D:3      | Reached XP level 6. HP: 62/62 MP: 5/5
  1520 | D:3      | Reached skill level 6 in Unarmed Combat
  1675 | D:3      | XOM: give mutations
  1675 | D:3      | Gained mutation: You are frail. (-10% HP) [Xom's mischief]
  1675 | D:3      | Gained mutation: You are weak. (Str -2) [Xom's mischief]
  1675 | D:3      | Gained mutation: You sometimes lose the ability to read
                  | scrolls when taking damage. [Xom's mischief]
  1731 | D:3      | XOM: give mutation
  1967 | D:2      | XOM: 1-stop teleportation journey
  2134 | D:2      | XOM: summons 4 hostile demons
  2320 | D:4      | XOM: silly message
  2629 | D:4      | XOM: swap monsters
  2634 | D:4      | Reached XP level 7. HP: 51/63 MP: 6/6
  2798 | D:5      | Reached skill level 7 in Unarmed Combat
  2813 | D:5      | Reached skill level 1 in Throwing
  2831 | D:5      | XOM: summons 7 friendly demons
  2910 | D:5      | Killed Prince Ribbit
  2977 | D:5      | Lost mutation: You sometimes lose the ability to read
                  | scrolls when taking damage. [potion of mutation]
  2977 | D:5      | Lost mutation: You are frail. (-10% HP) [potion of
                  | mutation]
  2977 | D:5      | Lost mutation: You are weak. (Str -2) [potion of mutation]
  2977 | D:5      | Gained mutation: You are clumsy. (Dex -2) [potion of
                  | mutation]
  2977 | D:5      | Gained mutation: You are robust. (+10% HP) [potion of
                  | mutation]
  3007 | D:5      | Reached XP level 8. HP: 33/86 MP: 7/7
  3050 | D:5      | Noticed Sigmund
  3058 | D:5      | Killed Sigmund
  3059 | D:5      | Reached skill level 5 in Fighting
  3196 | D:6      | XOM: stat loss: -1 Dex (7/8)
  3204 | D:6      | Found an ancient bone altar of Kikubaaqudgha.
  3206 | D:6      | Found a sparkling altar of Nemelex Xobeh.
  3353 | D:6      | Found an iron altar of Okawaru.
  3447 | D:6      | XOM is BORED!
  3447 | D:6      | XOM: give mutations
  3447 | D:6      | Lost mutation: You are robust. (+10% HP) [Xom's mischief]
  3447 | D:6      | Gained mutation: You are very clumsy. (Dex -4) [Xom's
                  | mischief]
  3447 | D:6      | Lost mutation: You are very clumsy. (Dex -4) [Xom's
                  | mischief]
  3621 | D:7      | XOM: give mutations
  3621 | D:7      | Gained mutation: You are dopey. (Int -2) [Xom's mischief]
  3621 | D:7      | Gained mutation: You are very clumsy. (Dex -4) [Xom's
                  | mischief]
  3628 | D:7      | Reached skill level 8 in Unarmed Combat
  3651 | D:7      | Reached skill level 5 in Throwing
  3718 | D:7      | Found a staircase to the Ecumenical Temple.
  3742 | D:7      | XOM: fog
  3758 | D:7      | Reached XP level 9. HP: 73/89 MP: 8/8
  3913 | D:7      | Identified the +1 plate armour of Uloeclusa {Int+6}
  3939 | D:7      | Found a snail-covered altar of Cheibriados.
  3996 | D:7      | XOM: summons 3 hostile demons
  4325 | D:8      | Reached skill level 9 in Unarmed Combat
  4387 | D:8      | XOM: smoke on damage
  4463 | D:8      | XOM: fog
  4466 | D:8      | Identified the ring "Zujo" {Fly rF+}
  4483 | D:8      | XOM: silly message
  4485 | D:8      | XOM: blink monster(s)
  4491 | D:8      | XOM: potion effect (haste)
  4511 | D:8      | XOM: fog
  4524 | D:8      | Reached XP level 10. HP: 66/100 MP: 9/9
  4633 | D:8      | Noticed Gastronok
  4636 | D:8      | XOM: cast spell 'Shadow Creatures'
  4648 | D:8      | XOM: enchant monster (good)
  4658 | D:8      | Killed Gastronok
  4684 | D:8      | Found a staircase to the Lair.
  4706 | D:8      | XOM: summons 5 friendly demons
  4718 | D:8      | XOM: god gift: scimitar {god gift}
  4816 | D:8      | XOM: noise
  5074 | D:8      | Noticed a two-headed ogre
  5075 | D:8      | XOM: chaos cloud
  5078 | D:8      | XOM: scenery: 1 doors open, 1 doors close
  5081 | D:8      | XOM: 4-stop teleportation journey
  5182 | D:9      | Reached skill level 10 in Unarmed Combat
  5339 | D:9      | Identified the +9 flail of Xom's Hatred {vorpal, *Rage rF++
                  | rN+++ Dex+2 Stlth+}
  5356 | D:9      | Found a staircase to the Orcish Mines.
  5431 | D:9      | XOM: cast spell 'Cause Fear'
  5445 | D:9      | XOM: god gift: +5 hunting sling of chaos
  5464 | D:9      | XOM: destruction
  5619 | D:9      | XOM: chaos cloud
  5751 | D:9      | XOM: give mutations
  5751 | D:9      | Gained mutation: Your flesh is cold resistant. (rC+) [Xom's
                  | grace]
  5751 | D:9      | Gained mutation: Your muscles are strong. (Str +2) [Xom's
                  | grace]
  5933 | D:10     | Entered Level 10 of the Dungeon
  5956 | D:10     | Found Plog's Magic Scroll Emporium.
  5982 | D:10     | XOM: fake destruction
  5990 | D:10     | Reached XP level 11. HP: 48/111 MP: 10/10
  6017 | D:10     | Bought a scroll of teleportation for 48 gold pieces
  6024 | D:10     | Found Jequfimp's Assorted Antiques.
  6031 | D:10     | XOM: 1-stop teleportation journey
  6207 | D:10     | Identified the +8 mace of Circularity {freeze, rPois rC+
                  | Dex+3}
  6298 | D:10     | Found Ilodic's Jewellery Shop.
  6370 | D:10     | Found Xost's Book Shoppe.
  6597 | D:10     | Noticed a vault guard
  6606 | D:10     | XOM: scenery: 1 doors close
  6655 | D:10     | Killed a vault guard
  6656 | D:10     | Reached skill level 1 in Transmutations
  6656 | D:10     | Reached skill level 1 in Earth Magic
  6674 | D:10     | XOM: scenery: create altars
  6719 | D:10     | Found a portal to a secret trove of treasure.
  6896 | D:11     | XOM: stealth player
  6896 | D:11     | Noticed Nergalle
  6899 | D:11     | XOM: fake destruction
  6959 | D:11     | XOM: polymorph acid dragon -> wyvern
  6982 | D:11     | XOM: silly message
  7000 | D:11     | XOM: smoke on damage
  7055 | D:11     | Noticed a two-headed ogre
  7058 | D:11     | XOM: give mutations
  7058 | D:11     | Lost mutation: You are dopey. (Int -2) [Xom's grace]
  7058 | D:11     | Gained mutation: You have supernaturally acute eyesight.
                  | (SInv) [Xom's grace]
  7059 | D:11     | XOM: cast spell 'Summon Mana Viper'
  7062 | D:11     | Killed a two-headed ogre
  7092 | D:11     | Noticed a two-headed ogre
  7093 | D:11     | Found a transporter.
  7105 | D:11     | Killed a two-headed ogre
  7107 | D:11     | Noticed a sphinx
  7107 | D:11     | Noticed a storm dragon
  7109 | D:11     | Noticed a brown ugly thing
  7110 | D:11     | Noticed a red ugly thing
  7121 | D:11     | Found a flagged portal.
  7129 | Bailey   | Entered a bailey
  7178 | Bailey   | XOM: smoke on damage
  7248 | Bailey   | XOM: enchant monster (good)
  7261 | Bailey   | XOM: divination: detect items
  7281 | Bailey   | XOM: confusion (+ monsters)
  7285 | Bailey   | XOM: chaos cloud
  7288 | Bailey   | Noticed a glowing shapeshifter
  7288 | Bailey   | a gnoll sergeant changed into a glowing shapeshifter
  7289 | Bailey   | Noticed a wolf spider
  7289 | Bailey   | a glowing shapeshifter changed into a wolf spider
  7295 | Bailey   | a wolf spider changed into a snapping turtle
  7296 | Bailey   | Noticed a fire crab
  7296 | Bailey   | a gnoll sergeant changed into a fire crab
  7296 | Bailey   | XOM: polymorph gnoll sergeant -> fire crab
  7299 | Bailey   | Noticed a sea snake
  7299 | Bailey   | a snapping turtle changed into a sea snake
  7305 | Bailey   | Killed a fire crab
  7315 | Bailey   | Noticed a wolf spider
  7315 | Bailey   | a merfolk changed into a wolf spider
  7316 | Bailey   | a wolf spider changed into a water nymph
  7327 | Bailey   | Noticed a glowing shapeshifter
  7327 | Bailey   | a torpor snail changed into a glowing shapeshifter
  7327 | Bailey   | XOM: polymorph torpor snail -> glowing shapeshifter
  7327 | Bailey   | a glowing shapeshifter changed into a merfolk
  7417 | Bailey   | Identified the +5 rapier "Ybbuf" {pain, +Blink Dex+4}
  7417 | Bailey   | Identified the amulet "Detapi" {RegenMP *Slow rPois rN++
                  | Regen+}
  7432 | Bailey   | XOM: scenery: 1 doors close
  7533 | D:11     | Found a transporter.
  7549 | D:11     | XOM: polymorph centaur -> frilled lizard
  7554 | D:11     | XOM: enchant monster (bad)
  7789 | D:11     | Found a gateway to a bazaar.
  7816 | D:11     | XOM: give mutations
  7816 | D:11     | Gained mutation: You possess an exceptional clarity of
                  | mind. [Xom's grace]
  7816 | D:11     | Gained mutation: You have a somewhat thin skeletal
                  | structure. (Dex +2, Stealth+) [Xom's grace]
  7816 | D:11     | Gained mutation: You have an increased reservoir of magic.
                  | (+10% MP) [Xom's grace]
  7930 | D:10     | Bought the necklace of Bloodlust {*Rage +Rage Will++ Int-3
                  | Slay+6} for 604 gold pieces
  7930 | D:10     | Found the necklace of Bloodlust {*Rage +Rage Will++ Int-3
                  | Slay+6}
  7991 | Orc:1    | Entered Level 1 of the Orcish Mines
  8071 | Orc:1    | Noticed an orc sorcerer
  8078 | Orc:1    | Killed an orc sorcerer
  8103 | Orc:1    | XOM: fake destruction
  8140 | Orc:1    | XOM: draining
  8145 | Orc:1    | Noticed an orc knight
  8156 | Orc:1    | Killed an orc knight
  8159 | Orc:1    | Noticed an orc knight
  8211 | Orc:1    | Found Jewkeb's Antique Weapon Shoppe.
  8259 | Orc:1    | Killed an orc knight
  8434 | Orc:1    | Found Rumpem's Armour Shoppe.
  8559 | Orc:2    | Entered Level 2 of the Orcish Mines
  8560 | Orc:2    | Found Loajait's Armour Shoppe.
  8636 | Orc:2    | Reached skill level 5 in Earth Magic
  8749 | Orc:2    | Noticed an orc sorcerer
  8752 | Orc:2    | XOM: cast spell 'Summon Horrible Things'
  8754 | Orc:2    | Killed an orc sorcerer
  8755 | Orc:2    | Reached XP level 12. HP: 123/123 MP: 12/12
  8804 | Orc:2    | Noticed an ettin
  8813 | Orc:2    | XOM: potion effect (curing)
  8815 | Orc:2    | Killed an ettin
  9007 | Orc:2    | Noticed Urug
  9019 | Orc:2    | HP: 3/123 [Urug/+6 glaive (21)]
  9026 | Orc:2    | Noticed Donald
  9051 | Orc:2    | XOM: 3-stop teleportation journey
  9067 | Orc:1    | XOM: god gift: metal-bound book {god gift}
  9123 | Orc:2    | XOM: smoke on damage
  9137 | Orc:2    | XOM: enchant monster (good)
  9162 | Orc:2    | XOM: cast spell 'Summon Hydra'
  9165 | Orc:2    | Noticed Donald
  9165 | Orc:2    | Donald changed into Donald the torpor snail
  9165 | Orc:2    | XOM: polymorph Donald -> Donald the torpor snail
  9168 | Orc:2    | Killed Donald the torpor snail
  9239 | Orc:2    | Killed Urug
  9252 | Orc:2    | XOM: polymorph ogre -> wyvern
  9257 | Orc:2    | XOM: polymorph orc warrior -> iguana
  9316 | Orc:2    | XOM: 1-stop teleportation journey
  9371 | Orc:2    | Found a staircase to the Elven Halls.
  9380 | Orc:2    | Noticed a two-headed ogre
  9381 | Orc:2    | XOM: divine lightning
  9386 | Orc:2    | Killed a two-headed ogre
  9389 | Orc:2    | Noticed an ogre mage
  9391 | Orc:2    | Noticed a two-headed ogre
  9394 | Orc:2    | Noticed a two-headed ogre
  9399 | Orc:2    | XOM: 1-stop teleportation journey
  9402 | Orc:2    | XOM: summons 5 friendly demons
  9404 | Orc:2    | Noticed a two-headed ogre
  9531 | Orc:1    | XOM: cast spell 'Cause Fear'
  9541 | Orc:1    | XOM: cast spell 'Summon Mana Viper'
  9543 | Orc:1    | Killed a two-headed ogre
  9545 | Orc:1    | XOM: blink monster(s)
  9552 | Orc:1    | Killed a two-headed ogre
  9618 | Orc:1    | Bought the +4 moon troll leather armour {Spirit, Regen++
                  | MP+5} for 708 gold pieces
  9618 | Orc:1    | Found the +4 moon troll leather armour {Spirit, Regen++
                  | MP+5}
  9622 | Orc:1    | XOM: god gift: 7 atropa-tipped darts
  9794 | Orc:2    | Killed an ogre mage
  9795 | Orc:2    | Reached skill level 5 in Transmutations
  9876 | Orc:2    | XOM: enchant monster (bad)
  9881 | Orc:2    | Killed a two-headed ogre
  9899 | Orc:2    | Noticed a two-headed ogre
  9900 | Orc:2    | XOM: swap monsters
  9900 | Orc:2    | Noticed a two-headed ogre
  9900 | Orc:2    | Noticed a two-headed ogre
  9900 | Orc:2    | Noticed a two-headed ogre
  9900 | Orc:2    | Noticed an ogre mage
  9900 | Orc:2    | Noticed a two-headed ogre
  9901 | Orc:2    | Noticed an ogre mage
  9901 | Orc:2    | XOM: enchant monster (good)
  9908 | Orc:2    | XOM: noise
  9917 | Orc:2    | HP: 5/126 [two-headed ogre/+0 giant club (20)]
  9919 | Orc:2    | Mangled by a two-headed ogre

Illustrated notes

Levels and vault maps discovered:
D:1:      ldierk_walled_garden, layout_rooms, ebering_ecumenical_altar_hall
D:2:      layout_basic
D:3:      minmay_octagon_keep, layout_basic, nicolae_sif_muna_little_library,
          serial_rivers, chequers_serial_rivers_small_b,
          chequers_serial_rivers_small_a, chequers_serial_rivers_micro_e,
          chequers_serial_rivers_micro_b, chequers_serial_rivers_room_a,
          chequers_serial_rivers_micro_d, hex_intersection
D:4:      layout_cave_pools, minmay_ogre_servants
D:5:      minmay_skewed_foursquare, layout_cave_pools,
          grunt_temple_overflow_gold_and_silver, uniq_sigmund,
          uniq_prince_ribbit1
D:6:      layout_rooms, lemuel_coloured_pillars_altar,
          nicolae_overflow_hidden_temple
D:7:      layout_rooms, kennysheep_slug_shrine, minmay_temple_entry_ruins,
          kennysheep_generic_room_11
D:8:      layout_cave_pools, lair_entry_dummy, special_room [special_room_orc],
          serial_undead, serial_undead_e, serial_undead_a, serial_undead_a,
          serial_undead_d, kennysheep_potato, uniq_gastronok
D:9:      layout_basic, orc_0_dummy, grunt_ministairs_3
D:10:     layout_basic, serial_shops, nicolae_shop_competitors_out_of_business,
          shop, nicolae_shop_overgrown_old_shop, nicolae_shop_crystal,
          enter_trove_5
D:11:     gammafunk_sealed_arena, layout_long_grid, enter_bailey_2,
          serial_shops, bzr_entry_dummy, roderic_serpentine_path, uniq_nergalle
Orc:1:    cheibrodos_orc_arena, layout_caves, serial_shops, shop,
          nicolae_shop_stone, shop, uniq_harold, uniq_jorgrun
Orc:2:    st_orc_ogre_mass, layout_diamond_mine, serial_shops,
          nicolae_shop_trees, uniq_urug, uniq_donald

Skill      XL: |  1  2  3  4  5  6  7  8  9 10 11 12 |
---------------+-------------------------------------+-----
Unarmed Combat | 4 5 6 7 8 9 10 | 10.3
Fighting       | 3 4 5 6 7 9 |  9.7
Throwing       | 3 5 8 9 |  9.9
Transmutations | 4 5 |  5.2
Earth Magic    | 5 7 |  7.5
Dodging        | 2 |  2.2

Action                   |  1- 3 |  4- 6 |  7- 9 | 10-12 || total
-------------------------+-------+-------+-------+-------++-------
Melee: Unarmed           |    99 |   234 |   297 |   417 ||  1047
       Punch             |     2 |     9 |     8 |    13 ||    32
Throw: Dart              |       |       |    25 |   171 ||   196
       Boomerang         |       |       |     1 |     5 ||     6
       Throwing net      |       |       |       |     3 ||     3
       Large rock        |       |       |       |    15 ||    15
 Abil: Evoke Berserk Rag |       |       |       |     1 ||     1
Evoke: Wand              |       |       |       |     4 ||     4
  Use: Scroll            |       |     7 |     2 |     8 ||    17
       Potion            |       |       |     3 |     4 ||     7
 Stab: Confused          |       |     1 |       |       ||     1
       Sleeping          |       |       |       |     2 ||     2
       Distracted        |       |       |       |     1 ||     1
       Petrified         |       |       |       |     2 ||     2
Armor: Robe              |    60 |    95 |    98 |    93 ||   346
       Acid dragon scale |       |       |       |    76 ||    76
       Troll leather arm |       |       |       |     2 ||     2
Dodge: Dodged            |    62 |   124 |   142 |   248 ||   576
Block: Kite shield       |       |       |       |    19 ||    19

Table legend: (Time is in decaauts)
 A = Elapsed time spent in this place.
 B = Non-inter-level travel time spent in this place.
 C = Inter-level travel time spent in this place.
 D = Time resting spent in this place.
 E = Time spent auto-exploring this place.
 F = Levels seen in this place.
 G = Mean time per level.
                   A        B        C        D        E       F      G
               +--------+--------+--------+--------+--------+-----+--------+
         Total |   9743 |   9335 |    408 |    329 |   5382 |  14 |  695.9 |
       Dungeon |   7454 |   7064 |    390 |     98 |   4516 |  11 |  677.6 |
  Orcish Mines |   1912 |   1895 |     17 |    231 |    831 |   2 |  956.0 |
        Bailey |    376 |    376 |      0 |      0 |     35 |   1 |  376.0 |
               +--------+--------+--------+--------+--------+-----+--------+

Top non-repeatable levels by time:
    D:10: 1063 daAuts
   Orc:2: 1020 daAuts
     D:3: 975 daAuts
   Orc:1: 892 daAuts
     D:9: 865 daAuts
     D:8: 798 daAuts
     D:7: 672 daAuts
     D:4: 654 daAuts
     D:2: 546 daAuts
    D:11: 512 daAuts
     D:1: 469 daAuts
     D:6: 465 daAuts
     D:5: 430 daAuts
  Bailey: 376 daAuts
